 Dungeon Crawl Stone Soup version 0.16-a0-1816-g2c93a98 (webtiles) character file.

124 ztt the Sneak (level 4, -1/30 HPs)
             Began as a Vampire Enchanter on Nov 3, 2014.
             Slain by an orc wizard
             ... wielding a +0 dagger
              (2 damage)
             ... on level 3 of the Dungeon.
             The game lasted 00:07:47 (2764 turns).

ztt the Sneak (Vampire Enchanter)                   Turns: 2764, Time: 00:07:47

Health: -1/30      AC:  4    Str:  7    XL:     4   Next: 81%
Magic:  0/7        EV: 13    Int: 17    God:
Gold:   143        SH:  0    Dex: 15    Spells: 3 memorised, 1 level left

rFire  . . .     SeeInvis +     a - +2 dagger
rCold  + . .     Clarity  .     b - +1 robe
rNeg   + + .     SustAb   .     (no shield)
rPois  +         Gourm    .     (no helmet)
rElec  .         Spirit   .     (no cloak)
rCorr  .         Warding  .     (no gloves)
rMut   .         Stasis   .     n - +0 pair of boots
MR     .....                    l - amulet of regeneration
Stlth  ++++......               (no ring)
                                k - ring of invisibility

@: very slightly contaminated, regenerating slowly, not resistant to hostile
enchantments, stealthy
A: fangs 3, see invisible, unbreathing
a: Bat Form, Evoke Invisibility


You were on level 3 of the Dungeon.
You were thirsty.

You visited 1 branch of the dungeon, and saw 3 of its levels.

You collected 143 gold pieces.

Inventory:

Hand weapons
 a - a +2 dagger (weapon)
Armour
 b - a +1 robe (worn)
 n - a +0 pair of boots (worn)
Jewellery
 k - a ring of invisibility (left hand)
 l - an amulet of regeneration (around neck)
Scrolls
 f - 4 scrolls of remove curse
 g - 2 scrolls of enchant weapon
 i - a scroll of identify
 j - 3 scrolls of recharging
Potions
 e - a potion of mutation
 h - a potion of restore abilities
Books
 c - a book of Maledictions

   Spells                             Type                      Level
   *Corona                            Hexes                        1
   Sure Blade                         Hexes/Charms                 2
   *Ensorcelled Hibernation           Hexes/Ice                    2
   *Confuse                           Hexes                        3
   Dazzling Spray                     Conjuration/Hexes            3
   Enslavement                        Hexes                        4


   Skills:
 + Level 0.1 Fighting
 + Level 1.2 Short Blades
 * Level 3.3 Dodging
 * Level 6.4 Stealth
 + Level 2.2 Spellcasting
 * Level 5.5 Hexes


You had one spell level left.
You knew the following spells:

 Your Spells              Type           Power        Failure   Level  Hunger
a - Corona                Hex            ###....      1%          1    #......
b - Confuse               Hex            ###.....     8%          3    ###....
c - Ensorcelled Hibernat  Hex/Ice        ##....       12%         2    ###....


Dungeon Overview and Level Annotations

Branches:
Dungeon (3/15)

Altars:
Nemelex Xobeh

Portals:
Sewer: D:3


Innate Abilities, Weirdness & Mutations

You heal slowly.
You have razor-sharp teeth.
You have supernaturally acute eyesight.
You can survive without breathing.


Message History

Confirm with . or Enter, or press ? or * to list all spells.
You don't have enough magic to cast that spell.
Unknown command.
You are too injured to fight recklessly!
There's nothing here to drain!
Unknown command.
Casting: Ensorcelled Hibernation
Confirm with . or Enter, or press ? or * to list all spells.
Aiming: Corona
Press: ? - help, Shift-Dir - straight line, f/p - orc priest
Aim: an orc priest, wielding a hand axe (severely wounded)
You miscast Corona.
You are very lightly contaminated with residual magic.
Your skin tingles.
The orc wizard hits you but does no damage.
The orc priest calls upon Beogh to heal the orc wizard.
The orc wizard's wounds heal themselves!
You miss the orc wizard. The orc wizard misses you.
The orc wizard hits you with a dagger.
You die...

##.## ##'## #..
#...## #.# #.#
.....###.# #.#
......##.##
#.######.
..........##
#o.......#
...........# #o#
.....#....## #.#
....#....#########.#
##.##...........@oo#
####....###########
####.# #.# #.# #.#
#.# ###
#.############.##
#.##.........%..#


You could see an orc priest and an orc wizard.

Vanquished Creatures
  4 adders
  2 worms (D:2)
  An ooze (D:2)
  2 orcs (D:3)
  12 bats
  7 giant cockroaches
  10 hobgoblins
  4 jackals (D:2)
  8 kobolds
  5 giant newts
  9 goblins
  2 quokkas
  12 rats
78 creatures vanquished.

Notes
Turn   | Place    | Note
--------------------------------------------------------------
     0 | D:1      | ztt, the Vampire Enchanter, began the quest for the Orb.
     0 | D:1      | Reached XP level 1. HP: 13/13 MP: 3/3
     2 | D:2      | Upgraded the game from 0.16-a0-1812-g9f7a479 to 0.16-a0-1816-g2c93a98
   237 | D:1      | Reached skill level 5 in Hexes
   237 | D:1      | Reached XP level 2. HP: 10/19 MP: 4/4
   665 | D:1      | Reached skill level 5 in Stealth
  1079 | D:1      | Reached XP level 3. HP: 24/24 MP: 6/6
  1407 | D:2      | Learned a level 3 spell: Confuse
  1410 | D:2      | Learned a level 2 spell: Ensorcelled Hibernation
  1815 | D:2      | Reached XP level 4. HP: 30/30 MP: 4/7
  2204 | D:3      | Reached skill level 6 in Stealth
  2386 | D:3      | Found a sparkling altar of Nemelex Xobeh.
  2590 | D:3      | Found a glowing drain.
  2762 | D:3      | HP: 1/30 [orc wizard/magic dart (3)]
  2764 | D:3      | Slain by an orc wizard

Action                   |  1- 3 |  4- 6 || total
-------------------------+-------+-------++-------
Melee: Dagger            |   148 |    66 ||   214
 Cast: Ensorcelled Hiber |    11 |    15 ||    26
  Use: Scroll            |     5 |     4 ||     9
 Stab: Sleeping          |    21 |    13 ||    34
  Eat: Corpse            |     3 |     4 ||     7
